 Dungeon Crawl Stone Soup version 0.28-a0-925-gd5e1996cdb (webtiles) character file.

Game seed: 16025440378707951161

343 bjtr the Conjurer (level 6, 0/61 (67) HPs)
             Began as a Demigod Conjurer on Nov 27, 2021.
             Slain by a wight (4 damage)
             ... on level 7 of the Dungeon.
             The game lasted 00:18:00 (3648 turns).

bjtr the Conjurer (Demigod Conjurer)                Turns: 3648, Time: 00:18:01

HP:   0/61 (67)     AC: 23    Str:  8    XL:     6   Next: 9%
MP:   0/13          EV:  2    Int: 28    God:
Gold: 70            SH:  0    Dex: 12    Spells: 7/11 levels left

rFire   . . .      SeeInvis .   a - +0 flail
rCold   . . .      Faith    .   (no shield)
rNeg    . . .      Spirit   .   (armour currently unavailable)
rPois   +          Reflect  .   (helmet currently unavailable)
rElec   .          Harm     .   (cloak currently unavailable)
rCorr   .          Rampage  .   (gloves currently unavailable)
Will    .....      NoTele   +   (boots currently unavailable)
Stlth   ++........              (no amulet)
HPRegen 0.20/turn               (no ring)
MPRegen 0.13/turn               (no ring)

@: brilliant, tree-form, studying Shields, drained
A: stationary, stasis, torment immunity, boosted hp, high mp 1, forlorn
a: no special abilities


You were on level 7 of the Dungeon.
You were a tree.
You visited 1 branch of the dungeon, and saw 5 of its levels.

You collected 70 gold pieces.

Inventory:

Hand Weapons
 a - a +0 flail (weapon)
 c - a +0 short sword
 i - a +0 mace
 n - a +0 halberd
Missiles
 b - 93 stones (quivered)
 g - 25 arrows
 q - 3 boomerangs
 r - a throwing net
Armour
 k - a +0 scale mail
 o - a +2 leather armour (melded)
 p - a +0 robe
Potions
 f - a potion of flight


   Skills:
 - Level 1.7 Dodging
 - Level 1.7 Stealth
 * Level 2.3 Shields
 + Level 3.1 Spellcasting
 * Level 5.8 Conjurations
 + Level 1.2 Hexes


You had 7 spell levels left.
You knew the following spells:

 Your Spells              Type           Power      Damage    Failure   Level
a - Magic Dart            Conj           100%       1d8       1%          1
b - Searing Ray           Conj           100%       2d8       1%          2
c - Slow                  Hex            64%        N/A       4%          1

Your spell library contained the following spells:

 Spells                   Type           Power      Damage    Failure   Level
 Dazzling Flash           Conj/Hex       72%        N/A       6%          3
 Confusing Touch          Hex            16%        N/A       16%         3
 Fulminant Prism          Conj/Hex       18%        3d11      19%         4
 Iskenderun's Mystic Bla  Conj/Tloc      31%        2d8       24%         4
 Yara's Violent Unravell  Hex/Tmut       5%         3d4       87%         5


Dungeon Overview and Level Annotations

Branches:
Dungeon (7/15)
 Temple: D:4-7

Annotations:
D:1 Crazy Yiuf


Innate Abilities, Weirdness & Mutations

You are a tree.
Your roots penetrate the ground, keeping you stationary.
You cannot be teleported.
You are immune to unholy pain and torment.
Your maximum health is greatly increased.
Your equipment is partially melded.
Your attributes grow dramatically as you level up.
You have an increased reservoir of magic. (+10% MP)
You shall have no god before yourself.


Message History

You feel drained. The wight freezes you. The wight hits you but does no damage.
You closely miss the wight.
The wight is lightly damaged.
The wight hits you but does no damage.
You closely miss the wight.
The wight is lightly damaged.
The wight hits you with a +5 flail of freezing.
The wight freezes you. The wight hits you but does no damage.
Okay, then.
You aren't carrying any scrolls.
It was a potion of brilliance.
You feel clever all of a sudden. The wight hits you but does no damage.
You hit the wight.
The wight is moderately damaged.
The wight hits you with a +5 flail of freezing.
You feel drained. The wight freezes you.
* * * LOW HITPOINT WARNING * * *
You hit the wight but do no damage.
The wight is moderately damaged.
The wight hits you with a +5 flail of freezing!
* * * LOW HITPOINT WARNING * * *
The wight freezes you.
* * * LOW HITPOINT WARNING * * *
Casting: Searing Ray (safe; 1% risk of failure)
Confirm with . or Enter, or press ? or * to list all spells.
Aiming: Searing Ray (safe; 1% risk of failure)
Press: ? - help, Shift-Dir - straight line, f/p - wight
Aim: a wight, wielding a +5 flail of freezing and wearing a +0 robe (moderately damaged, 83% to hit)
You feel a surge of power!
The searing ray hits the wight.
The wight is moderately damaged. (Press . to maintain the ray.)
The wight hits you with a +5 flail of freezing.
* * * LOW HITPOINT WARNING * * *
The wight freezes you.
* * * LOW HITPOINT WARNING * * *
The searing ray hits the wight.
The wight is heavily damaged.
The wight hits you with a +5 flail of freezing.
You die...

#...K# #..###
#....# #....#
#....###....
#...<.##..#
#......#..######.
#....#...........
#########........
####..#.....
#.♣z).......
#.##........ #..
...##.##. ...#
...# .# ####
#z.## # ...# ..!.
..


You could see a wight.

Vanquished Creatures
  An ice beast (D:7)
  A centaur (D:6)
  A wight (D:7)
  An orc wizard (D:6)
  3 adders
  A shadow imp (D:7)
  A white imp (D:7)
  2 worms
  A dart slug (D:1)
  5 orcs
  4 endoplasms
  5 giant cockroaches
  4 hobgoblins
  8 kobolds
  A quokka (D:1)
  6 ball pythons
  2 bats
  A frilled lizard (D:2)
  5 goblins
  2 rats (D:1)
55 creatures vanquished.

Vanquished Creatures (others)
  2 fungi (D:2)
2 creatures vanquished.

Grand Total: 57 creatures vanquished

Notes
Turn   | Place    | Note
-------+----------+-------------------------------------------
     0 | D:1      | bjtr the Demigod Conjurer began the quest for the Orb.
     0 | D:1      | Reached XP level 1. HP: 14/14 MP: 5/5
   137 | D:1      | Reached skill level 4 in Conjurations
   407 | D:1      | Reached XP level 2. HP: 20/20 MP: 4/7
   410 | D:1      | Learned a level 2 spell: Searing Ray
  1440 | D:2      | Reached XP level 3. HP: 26/26 MP: 8/8
  1725 | D:2      | Learned a level 1 spell: Slow
  2370 | D:2      | Found a runed translucent door.
  2371 | D:2      | Noticed Crazy Yiuf
  3468 | D:3      | Reached skill level 5 in Conjurations
  3468 | D:3      | Reached XP level 4. HP: 33/33 MP: 4/10
  3546 | D:3      | You fall into a shaft and drop 3 floors!
  3546 | D:6      | Noticed a centaur
  3549 | D:6      | Noticed an orc warrior
  3561 | D:6      | Killed a centaur
  3562 | D:6      | Reached skill level 1 in Shields
  3562 | D:6      | Reached XP level 5. HP: 20/38 MP: 1/11
  3563 | D:6      | Noticed an ice beast
  3602 | D:6      | Noticed an ice beast
  3631 | D:7      | Killed an ice beast
  3632 | D:7      | Reached skill level 1 in Hexes
  3636 | D:7      | Reached XP level 6. HP: 18/45 MP: 3/13
  3648 | D:7      | Slain by a wight

Illustrated notes

Levels and vault maps discovered:
D:1:      psy_arrival_statuary, layout_basic,
          shapermc_ecumenical_altar_hornbeckon
D:2:      layout_rooms, minmay_door_square, uniq_crazy_yiuf_cottage
D:3:      layout_loops_cross, nicolae_overflows_in_rows, grunt_decor_one_mirror,
          minmay_checkerbox
D:6:      layout_basic
D:7:      layout_rooms, minmay_temple_entry_junction, hangedman_decor_growths

Skill      XL: |  1  2  3  4  5 |
---------------+----------------+-----
Conjurations   | 4 5 |  5.8
Spellcasting   | 2 3 |  3.1
Shields        | 1 2 |  2.3
Hexes          | 1 |  1.2
Dodging        | |  1.7
Stealth        | |  1.7

Action                   |  1- 3 |  4- 6 || total
-------------------------+-------+-------++-------
Melee: Short sword       |    11 |       ||    11
       Flail             |    22 |     7 ||    29
Throw: Stone             |     1 |       ||     1
 Cast: Magic Dart        |    71 |       ||    71
       Searing Ray       |     8 |     7 ||    15
       Slow              |    11 |     1 ||    12
  Use: Scroll            |     3 |     1 ||     4
       Potion            |     1 |     5 ||     6
Armor: Robe              |     3 |       ||     3
       Leather armour    |     6 |     6 ||    12
       Skin              |       |    16 ||    16
Dodge: Dodged            |    32 |    15 ||    47

Table legend: (Time is in decaauts)
 A = Elapsed time spent in this place.
 B = Non-inter-level travel time spent in this place.
 C = Inter-level travel time spent in this place.
 D = Time resting spent in this place.
 E = Time spent auto-exploring this place.
 F = Levels seen in this place.
 G = Mean time per level.
                   A        B        C        D        E       F      G
               +--------+--------+--------+--------+--------+-----+--------+
         Total |   3653 |   3592 |     61 |   1094 |   1846 |   5 |  730.6 |
       Dungeon |   3653 |   3592 |     61 |   1094 |   1846 |   5 |  730.6 |
               +--------+--------+--------+--------+--------+-----+--------+

Top non-repeatable levels by time:
     D:1: 1635 daAuts
     D:2: 1247 daAuts
     D:3: 683 daAuts
     D:6: 50 daAuts
     D:7: 36 daAuts
